 Dungeon Crawl Stone Soup version 0.23-a0-449-g8e4cbf7 (webtiles) character file.

93 pizzle the Chopper (level 4, 0/35 HPs)
             Began as a Formicid Abyssal Knight on Nov 21, 2018.
             Was a Believer of Lugonu.
             Succumbed to an adder's poison
             ... on level 2 of the Dungeon.
             The game lasted 00:07:24 (3163 turns).

pizzle the Chopper (Formicid Abyssal Knight)        Turns: 3163, Time: 00:07:25

Health: 0/35       AC:  7    Str: 22    XL:     4   Next: 92%
Magic:  5/5        EV:  9    Int: 12    God:    Lugonu [**....]
Gold:   130        SH:  3    Dex: 10    Spells: 3/3 levels left

rFire    + . .     SeeInvis +   d - +0 war axe (curse)
rCold    + . .     Gourm    .   n - +0 buckler
rNeg     . . .     Faith    .   r - +0 scale mail
rPois    +         Spirit   .   (helmet unavailable)
rElec    +         Reflect  .   (no cloak)
rCorr    +         Harm     .   (no gloves)
MR       .....                  (no boots)
Stlth    ..........             (no amulet)
HPRegen  0.11/turn              (no ring)
MPRegen  0.09/turn              (no ring)

@: mighty, lethally poisoned (0 -> -9), resistant
A: permanent stasis, dig shafts and tunnels, four strong arms, antennae 3
a: Dig, Shaft Self, Depart the Abyss, Bend Space, Renounce Religion


You were on level 2 of the Dungeon.
You worshipped Lugonu.
Lugonu was pleased with you.
You were not hungry.

You visited 1 branch of the dungeon, and saw 2 of its levels.
You visited the Abyss 1 time.

You collected 130 gold pieces.

Inventory:

Hand Weapons
 a - a +1 hand axe
 d - a cursed +0 war axe (weapon)
 t - a +0 morningstar of protection
Missiles
 i - 55 stones (quivered)
 p - 6 needles of sleeping
Armour
 b - a +0 leather armour
 m - a +0 ring mail
 n - a +0 buckler (worn)
 r - a +0 scale mail (worn)
Scrolls
 e - 2 scrolls of teleportation {unknown}
 f - a scroll of identify {unknown}
 g - 5 scrolls of fear {unknown}
 j - a scroll of fog {unknown}
 l - 2 scrolls of remove curse {unknown}
 o - a scroll of noise {unknown}
 q - a scroll of magic mapping {unknown}
Comestibles
 c - 2 rations
 v - a chunk of flesh


   Skills:
 - Level 3.2 Fighting
 + Level 3.7 Axes
 + Level 3.7 Armour
 - Level 0.8 Dodging
 + Level 0.1 Shields
 - Level 2.1 Invocations


You had 3 spell levels left.
You didn't know any spells.
Your spell library was empty.

Dungeon Overview and Level Annotations

Branches:
Dungeon (2/15)

Altars:

Annotations:
D:1 exclusion: downstairs
D:2 Natasha


Innate Abilities, Weirdness & Mutations

You cannot be hasted, slowed, berserked, paralysed or teleported.
You can dig through walls and to a lower floor.
Your four strong arms can wield two-handed weapons with a shield.
You have a pair of large antennae on your head. (SInv)


Message History

You feel very mighty all of a sudden.
* * * LOW HITPOINT WARNING * * *
You feel sick.
The quokka bites you but does no damage.
It was a potion of resistance.
You feel protected.
* * * LOW HITPOINT WARNING * * *
You feel sick. The quokka closely misses you.
You closely miss the quokka.
* * * LOW HITPOINT WARNING * * *
You feel sick. The quokka bites you.
* * * LOW HITPOINT WARNING * * *
The quokka bites you.
* * * LOW HITPOINT WARNING * * *
It was a potion of haste.
Your stasis prevents you from being hasted.
The quokka bites you but does no damage.
It was a potion of berserk rage.
Your stasis prevents you from going berserk.
You die...

#.#.### #....#
#.#.#########....######
............'....>....#
#.#..########.........#
#.#..# #......##..# # .....#
#..........###.# #.##.#
#.####hw.......#.. #.##.#
#....#r5......!... #.##.##
##...@####..#..... ......#
#.#..# #.........
..##..#######.#..#...#.......
####.........)#..#.#.#...####
#.##########..#.#....... #.#
#..# #.####S## #.# #..# #..
g.. #.# #... #.. #. #.# ##.


You could see a worm, Natasha, a crimson imp and a quokka.

Vanquished Creatures
  Natasha (D:2)
  3 adders (D:2)
  6 bats
  2 giant cockroaches (D:2)
  3 hobgoblins
  4 jackals (D:1)
  2 ball pythons
  4 frilled lizards
  6 goblins
  7 kobolds
  5 rats
43 creatures vanquished.

Notes
Turn   | Place    | Note
-------+----------+-------------------------------------------
     0 | Abyss:1  | pizzle the Formicid Abyssal Knight began the quest for the
                  | Orb.
     0 | Abyss:1  | Reached XP level 1. HP: 18/18 MP: 2/2
    81 | Abyss:1  | Noticed a ynoxinul
   146 | Abyss:2  | Noticed a chaos spawn
   166 | Abyss:2  | Noticed an ancient zyme
   175 | Abyss:2  | Noticed a small abomination
   176 | D:1      | Escaped the Abyss
   323 | D:1      | Reached XP level 2. HP: 9/24 MP: 3/3
   608 | D:1      | Reached * piety under Lugonu
  1304 | D:1      | Reached XP level 3. HP: 29/29 MP: 4/4
  1908 | D:2      | Noticed Natasha
  1921 | D:2      | Killed Natasha
  1921 | D:2      | Reached XP level 4. HP: 21/35 MP: 5/5
  2642 | D:2      | Noticed Natasha
  3039 | D:2      | Reached ** piety under Lugonu
  3161 | D:2      | HP: 1/35 [quokka (2)]
  3163 | D:2      | Succumbed to an adder's poison

Vault maps used:
D:1:      dpeg_arrival_castle
D:2:      minmay_general_purpose_star, uniq_natasha

Skill      XL: |  1  2  3 |
---------------+----------+-----
Axes           | 3 |  3.7
Armour         | 3 |  3.7
Fighting       | |  3.2
Dodging        | |  0.8
Shields        | |  0.1
Invocations    | |  2.1

Action                   |  1- 3 |  4- 6 || total
-------------------------+-------+-------++-------
Melee: War axe           |    77 |    81 ||   158
Throw: Stone             |       |     4 ||     4
Invok: Depart the Abyss  |     1 |       ||     1
 Abil: Dig               |     1 |       ||     1
  Use: Potion            |       |     4 ||     4
  Eat: Chunk             |     2 |     5 ||     7
Armor: Leather armour    |    23 |       ||    23
       Ring mail         |    16 |    10 ||    26
       Scale mail        |       |    24 ||    24
Dodge: Dodged            |    55 |    37 ||    92
Block: Buckler           |     1 |    10 ||    11

Table legend:
 A = Non-vault XP
 B = Vault XP
 C = Vault XP percentage of total XP
 D = Non-vault monster count
 E = Vault monster count
 F = Vault count percentage of total count
                 A         B        C        D         E       F
            +---------+---------+-------+---------+---------+-------
      Total |      98 |      36 |  26.9 |      40 |       3 |   7.0
            +---------+---------+-------+---------+---------+-------
        D:1 |      36 |       0 |   0.0 |      24 |       0 |   0.0
        D:2 |      62 |      36 |  36.7 |      16 |       3 |  15.8
            +---------+---------+-------+---------+---------+-------
